 Dungeon Crawl Stone Soup version 0.22.1-1-ga44c0e56f4 (webtiles) character file.

310 LLavrengius the Shield-Bearer (level 6, -1/53 HPs)
             Began as a Gnoll Fighter on Sept 28, 2018.
             Was a Follower of Ru.
             Slain by Sigmund
             ... wielding a +2 scythe of venom
              (9 damage)
             ... on level 4 of the Dungeon.
             The game lasted 00:08:35 (2677 turns).

LLavrengius the Shield-Bearer (Gnoll Fighter)       Turns: 2677, Time: 00:08:35

Health: -1/53      AC:  8    Str: 20    XL:     6   Next: 41%
Magic:  8/8        EV:  9    Int: 11    God:    Ru [*.....]
Gold:   242        SH: 11    Dex: 14    Spells: 8/8 levels left

rFire    . . .     SeeInvis .   a - +0 trident
rCold    . . .     Gourm    +   c - +0 shield
rNeg     . . .     Faith    .   b - +0 scale mail
rPois    .         Spirit   .   (no helmet)
rElec    .         Reflect  .   k - +0 cloak
rCorr    .         Harm     .   z - +0 pair of gloves
MR       .....                  (no boots)
Stlth    +.........             w - amulet of the gourmand
HPRegen  0.17/turn              (no ring)
MPRegen  0.11/turn              (no ring)

@: lethally poisoned (-1 -> -18)
A: distributed training, fangs 1, inability to train armour, strong nose
a: Renounce Religion


You were on level 4 of the Dungeon.
You worshipped Ru.
Ru was aware of your devotion.
You were very full.

You visited 1 branch of the dungeon, and saw 4 of its levels.

You collected 242 gold pieces.

Inventory:

Hand Weapons
 a - a +0 trident (weapon)
 s - a +0 blowgun
Missiles
 h - 19 sling bullets
 i - 18 poisoned needles
 n - 17 bolts
Armour
 b - a +0 scale mail (worn)
 c - a +0 shield (worn)
 k - a +0 cloak (worn)
 z - a +0 pair of gloves (worn)
Jewellery
 w - an amulet of the gourmand (around neck)
Wands
 y - a wand of random effects (29)
Scrolls
 e - 3 scrolls of remove curse {unknown}
 g - a scroll of teleportation {unknown}
 j - 5 scrolls of fear {unknown}
 p - a scroll of magic mapping {unknown}
 r - a scroll of enchant weapon {unknown}
 u - 2 scrolls of enchant armour {unknown}
 v - 2 scrolls of fog {unknown}
 x - 2 scrolls of identify {unknown}
Potions
 d - 2 potions of might
 l - a potion of ambrosia {unknown}
 m - 2 potions of cancellation {unknown}
 o - 2 potions of lignification {unknown}
 q - a potion of berserk rage {unknown}
 t - a potion of heal wounds {unknown}
Comestibles
 f - 3 rations
 A - a chunk of flesh


   Skills:
 + Level 6.8 Fighting
 + Level 1.9 Short Blades
 + Level 1.9 Long Blades
 + Level 1.9 Axes
 + Level 1.9 Maces & Flails
 + Level 5.0 Polearms
 + Level 1.9 Staves
 + Level 1.9 Slings
 + Level 1.9 Bows
 + Level 1.9 Crossbows
 + Level 1.9 Throwing
   Level 0.0 Armour
 + Level 1.9 Dodging
 + Level 1.9 Stealth
 + Level 6.8 Shields
 + Level 1.9 Unarmed Combat
 + Level 1.9 Spellcasting
 + Level 1.5 Conjurations
 + Level 1.5 Hexes
 + Level 1.5 Charms
 + Level 1.5 Summonings
 + Level 1.5 Necromancy
 + Level 1.5 Translocations
 + Level 1.5 Transmutations
 + Level 1.5 Fire Magic
 + Level 1.5 Ice Magic
 + Level 1.5 Air Magic
 + Level 1.5 Earth Magic
 + Level 1.5 Poison Magic
 + Level 2.1 Invocations
 + Level 1.9 Evocations


You had 8 spell levels left.
You didn't know any spells.
Your spell library was empty.

Dungeon Overview and Level Annotations

Branches:
Dungeon (4/15)
 Temple: D:4-7

Altars:
Gozag
Ru

Annotations:
D:4 Eustachio, Sigmund


Innate Abilities, Weirdness & Mutations

Your experience applies equally to all skills.
You have very sharp teeth.
You cannot train Armour skill.
Your uncanny sense of smell can sniff out nearby items.


Message History

You feel sick. Something hits you.
You are more poisoned.
You bump into the rock wall.
You feel sick. Something hits you.
You are lethally poisoned!
You feel less confused.
You feel sick.
You see here a scroll labeled PUQUVO DAGH.
You feel very sick. Something hits you but does no damage.
Found 23 stones.
You miss something.
You feel sick. You block something's attack.
You closely miss something.
You feel sick. Something hits you.
* * * LOW HITPOINT WARNING * * *
You hit something.
* * * LOW HITPOINT WARNING * * *
You feel sick.
You hit something.
* * * LOW HITPOINT WARNING * * *
You feel sick. Something hits you!
You die...

###### #....#
#.##.# ####..#.#
#.....#.#
#.....#.###########
#..).##.##....>....
#.?..'....#.##.#...
#.@..##.#.#.##.)...
#..{.##...#.####.#.
##...##.#.#.# #<...
#...##...#.# ##.##
#...##.....# #...
#...##.##### #...
#......# #...
#.(.#### ...# ∆
...#


There were no monsters in sight!

Vanquished Creatures
  2 big kobolds (D:3)
  A hound (D:4)
  Ijyb (D:2)
  2 adders (D:3)
  3 oozes (D:2)
  2 worms (D:2)
  2 dart slugs (D:3)
  2 leopard geckos
  2 orcs (D:4)
  8 bats
  2 giant cockroaches
  4 goblins
  9 hobgoblins
  4 jackals
  A quokka (D:3)
  2 ball pythons (D:1)
  8 frilled lizards
  12 kobolds
  11 rats
78 creatures vanquished.

Notes
Turn   | Place    | Note
-------+----------+-------------------------------------------
     0 | D:1      | LLavrengius the Gnoll Fighter began the quest for the Orb.
     0 | D:1      | Reached XP level 1. HP: 23/23 MP: 1/1
   163 | D:1      | Reached XP level 2. HP: 29/29 MP: 2/2
   907 | D:2      | Reached XP level 3. HP: 35/35 MP: 3/3
   987 | D:2      | Found an opulent altar of Gozag.
  1271 | D:2      | Reached skill level 1 in Invocations
  1592 | D:3      | Noticed Ijyb
  1604 | D:2      | Killed Ijyb
  1604 | D:2      | Reached skill level 1 in Short Blades
  1604 | D:2      | Reached skill level 1 in Long Blades
  1604 | D:2      | Reached skill level 1 in Axes
  1604 | D:2      | Reached skill level 1 in Maces & Flails
  1604 | D:2      | Reached skill level 1 in Staves
  1604 | D:2      | Reached skill level 1 in Slings
  1604 | D:2      | Reached skill level 1 in Bows
  1604 | D:2      | Reached skill level 1 in Crossbows
  1604 | D:2      | Reached skill level 1 in Throwing
  1604 | D:2      | Reached skill level 1 in Dodging
  1604 | D:2      | Reached skill level 1 in Stealth
  1604 | D:2      | Reached skill level 1 in Unarmed Combat
  1604 | D:2      | Reached skill level 1 in Spellcasting
  1604 | D:2      | Reached skill level 1 in Evocations
  1604 | D:2      | Reached XP level 4. HP: 36/41 MP: 5/5
  1703 | D:3      | Reached skill level 1 in Conjurations
  1703 | D:3      | Reached skill level 1 in Hexes
  1703 | D:3      | Reached skill level 1 in Charms
  1703 | D:3      | Reached skill level 1 in Summonings
  1703 | D:3      | Reached skill level 1 in Necromancy
  1703 | D:3      | Reached skill level 1 in Translocations
  1703 | D:3      | Reached skill level 1 in Transmutations
  1703 | D:3      | Reached skill level 1 in Fire Magic
  1703 | D:3      | Reached skill level 1 in Ice Magic
  1703 | D:3      | Reached skill level 1 in Air Magic
  1703 | D:3      | Reached skill level 1 in Earth Magic
  1703 | D:3      | Reached skill level 1 in Poison Magic
  1828 | D:3      | Reached XP level 5. HP: 47/47 MP: 6/6
  1973 | D:3      | Found a faded altar of an unknown god.
  2038 | D:3      | Became a worshipper of Ru the Awakened
  2065 | D:3      | Gained mutation: You cannot train Armour skill. [Ru
                  | sacrifice]
  2065 | D:3      | Reached * piety under Ru
  2153 | D:3      | Noticed a big kobold
  2212 | D:3      | Killed a big kobold
  2223 | D:3      | Noticed a big kobold
  2236 | D:3      | Killed a big kobold
  2236 | D:3      | Reached XP level 6. HP: 25/53 MP: 8/8
  2575 | D:4      | Noticed Eustachio
  2656 | D:4      | Noticed Sigmund
  2665 | D:4      | Reached skill level 5 in Polearms
  2677 | D:4      | Slain by Sigmund

Skill      XL: |  1  2  3  4  5  6 |
---------------+-------------------+-----
Invocations    | 1 2 |  2.1
Short Blades   | 1 |  1.9
Long Blades    | 1 |  1.9
Axes           | 1 |  1.9
Maces & Flails | 1 |  1.9
Staves         | 1 |  1.9
Slings         | 1 |  1.9
Bows           | 1 |  1.9
Crossbows      | 1 |  1.9
Throwing       | 1 |  1.9
Dodging        | 1 |  1.9
Stealth        | 1 |  1.9
Unarmed Combat | 1 |  1.9
Spellcasting   | 1 |  1.9
Evocations     | 1 |  1.9
Conjurations   | 1 |  1.5
Hexes          | 1 |  1.5
Charms         | 1 |  1.5
Summonings     | 1 |  1.5
Necromancy     | 1 |  1.5
Translocations | 1 |  1.5
Transmutations | 1 |  1.5
Fire Magic     | 1 |  1.5
Ice Magic      | 1 |  1.5
Air Magic      | 1 |  1.5
Earth Magic    | 1 |  1.5
Poison Magic   | 1 |  1.5
Armour         | 0 |  0.0
Polearms       | 5 |  5.0
Fighting       | |  6.8
Shields        | |  6.8

Action                   |  1- 3 |  4- 6 || total
-------------------------+-------+-------++-------
Melee: Trident           |    87 |   165 ||   252
       Bite              |     8 |    12 ||    20
Invok: Sacrifice Durabil |       |     1 ||     1
  Eat: Chunk             |     2 |    19 ||    21
Armor: Scale mail        |    22 |    73 ||    95
Dodge: Dodged            |    14 |    66 ||    80
Block: Shield            |    43 |   130 ||   173
